Penguins vs Devils
Created - February 26, 2022 at 22:03
Goals
|
| Penguins |
2 |
1 |
1 |
4 |
| Devils |
3 |
1 |
2 |
6 |
|
Shots
|
| Penguins |
14 |
9 |
13 |
36 |
| Devils |
12 |
5 |
11 |
28 |
|
1st period
1. Devils , Alan Quine 12 (Joonas Donskoi 19) at 8:54
2. Penguins , Kyle Connor 19 (Vince Hinostroza 25, Gavin Bayreuther 10) at 9:33
3. Penguins , Andy Andreoff 11 (Josh Jooris 19, Cedric Paquette 25) at 11:25
4. Devils , Logan Shaw 27 (Sam Bennett 32, Darren Dietz 12) at 11:39
5. Devils , Alan Quine 13 (Joonas Donskoi 20, Ben Hutton 18) at 17:14
Penalties :
Logan Shaw (Bin) for Hooking (Minor) at 1:52
2nd period
6. Penguins , Anthony Beauvillier 8 (Scott Mayfield 18, Matthew Finn 1) at 17:09
7. Devils , Logan Shaw 28 (Brandon Carlo 16, Sam Bennett 33) at 18:10 (PP)
Penalties :
Joonas Donskoi (Bin) for Tripping (Minor) at 2:35, John Marino (Wil) for Hooking (Minor) at 6:11, Andy Andreoff (Wil) for Hooking (Minor) at 6:34, Sam Bennett (Bin) for Hooking (Minor) at 10:30, Adam Brooks (Wil) for Interference (Minor) at 17:49
3rd period
8. Penguins , Adam Brooks 1 (Dakota Mermis 14, Kyle Connor 11) at 7:58
9. Devils , Conor Garland 2 (Brett Seney 12, Sam Bennett 34) at 9:21
10. Devils , Sam Bennett 13 (Logan Shaw 27, Sven Baertschi 14) at 11:18
Penalties :
Robbie Russo (Bin) for Hooking (Minor) at 1:44, Adam Brooks (Wil) for Hooking (Minor) at 12:42
Goalie Stats
Connor Hellebyuk (Wil), 22 saves from 28 shots - (0.786), L, 14-10-1, 60:00 minutes
Calvin Pickard (Bin), 32 saves from 36 shots - (0.889), W, 10-15-1, 60:00 minutes
Players Stats for Penguins
Player Name G A P +/- PIM S H SB GA TA FO MP PP MP PK MP
------------------------------------------------------------------------------------
Adam Brooks 1 0 1 1 4 4 2 0 0 0 6/8 17:43 3:22 0:00
Andrew O'Brien 0 0 0 -1 0 0 1 4 0 0 0/0 23:23 4:47 3:12
Andy Andreoff 1 0 1 -2 2 7 2 0 1 1 0/1 22:03 4:06 2:00
Anthony Beauvillier 1 0 1 0 0 3 0 0 1 0 0/0 10:05 0:00 0:19
Brett Pollock 0 0 0 0 0 0 0 0 0 0 0/0 0:00 0:00 0:00
Cedric Paquette 0 1 1 -2 0 0 2 1 0 1 18/40 20:42 4:06 0:34
Curtis Hamilton 0 0 0 0 0 1 0 0 0 0 0/0 6:40 0:00 0:00
Dakota Mermis 0 1 1 0 0 1 0 1 1 0 0/0 20:54 2:48 1:30
Danny Biega 0 0 0 0 0 0 0 0 1 1 0/0 20:54 2:48 1:30
Denis Malgin 0 0 0 0 0 0 0 0 0 0 1/2 6:40 0:00 0:00
Gavin Bayreuther 0 1 1 -1 0 1 0 1 0 1 0/0 11:45 0:21 0:00
Iven Barbashev 0 0 0 0 0 1 3 0 0 0 0/0 7:20 0:21 0:00
John Marino 0 0 0 -1 2 0 2 1 0 0 0/0 11:55 0:21 0:11
Josh Ho-Sang 0 0 0 0 0 0 0 0 0 0 0/0 0:00 0:00 0:00
Josh Jooris 0 1 1 -2 0 5 0 0 0 0 2/7 23:00 4:13 2:44
Juuso Ikonen 0 0 0 0 0 0 0 0 0 0 0/0 0:00 0:00 0:00
Kyle Connor 1 1 2 1 0 6 2 0 0 0 0/1 17:41 3:22 0:00
Matthew Finn 0 1 1 1 0 0 0 0 0 0 0/0 3:58 0:00 0:00
Max Gortz 0 0 0 0 0 0 0 0 0 0 0/0 0:56 0:28 0:00
Raphael Bussieres 0 0 0 0 0 0 0 0 0 0 0/0 1:30 0:00 1:05
Sam Kurker 0 0 0 0 0 0 0 0 0 0 0/0 0:59 0:28 0:00
Sam Reinhart 0 0 0 0 0 2 4 0 0 0 1/1 10:14 0:00 0:27
Scott Mayfield 0 1 1 0 0 1 7 2 0 0 0/0 27:21 4:47 3:12
Tyson Jost 0 0 0 0 0 0 0 0 0 0 1/6 9:43 0:00 0:00
Vince Hinostroza 0 1 1 1 0 4 1 0 1 0 0/0 18:12 3:22 0:27
Players Stats for Devils
Player Name G A P +/- PIM S H SB GA TA FO MP PP MP PK MP
------------------------------------------------------------------------------------
Alan Quine 2 0 2 -1 0 5 0 0 0 0 13/16 19:49 1:44 2:44
Ben Hutton 0 1 1 1 0 0 2 1 0 0 0/0 27:53 3:19 4:22
Brandon Carlo 0 1 1 0 0 1 0 1 0 0 0/0 27:12 3:19 4:22
Brett Howden 0 0 0 0 0 0 0 0 0 0 0/0 4:51 0:00 0:00
Brett Seney 0 1 1 1 0 1 0 0 1 0 0/0 12:14 0:01 1:42
Christian Wolanin 0 0 0 0 0 0 1 0 1 1 0/0 17:52 1:23 1:32
Conor Garland 1 0 1 0 0 2 2 0 0 0 0/0 10:42 0:00 0:00
Dalton Thrower 0 0 0 1 0 0 0 0 0 0 0/0 7:28 0:00 1:28
Darren Dietz 0 1 1 1 0 1 1 1 0 1 0/0 9:43 0:41 2:02
Ilya Lyubushkin 0 0 0 -2 0 1 0 0 0 0 0/0 11:30 0:00 0:57
Jake Bean 0 0 0 0 0 1 0 1 0 0 0/0 6:52 0:00 0:00
Joonas Donskoi 0 2 2 -1 2 3 1 1 1 2 0/0 17:07 1:45 0:00
Logan Shaw 2 1 3 2 2 4 4 2 1 0 0/3 25:06 2:57 1:08
Mason Marchment 0 0 0 0 0 0 0 0 0 0 0/0 4:52 0:00 0:00
Reid Boucher 0 0 0 1 0 0 1 1 0 0 3/5 11:20 0:01 0:46
Robbie Russo 0 0 0 1 2 0 0 1 0 1 0/0 11:37 0:42 1:09
Sam Bennett 1 3 4 1 2 5 2 0 0 0 19/38 22:58 2:57 3:19
Sven Baertschi 0 1 1 1 0 2 0 0 0 0 2/3 23:59 2:57 4:17
Valeri Nichushkin 0 0 0 -1 0 2 1 2 0 0 0/1 18:55 1:44 1:56
3 Stars
1 - Logan Shaw (Bin)
2 - Sam Bennett (Bin)
3 - Alan Quine (Bin)
Power Play
Penguins - 0 on 4 Attempt(s) - 0.00%
Devils - 1 on 4 Attempt(s) - 25.00%
Penalty Kill
Penguins - 3 on 4 Attempt(s) - 75.00%
- Score 0 goal in Penalty Kill
Devils - 4 on 4 Attempt(s) - 100.00%
- Score 0 goal in Penalty Kill
Team Stat
Penguins - Hits : 26 - Faceoff Wins : 29 - Blocked Shots : 10 - Penalty Minutes : 8
Devils - Hits : 15 - Faceoff Wins : 37 - Blocked Shots : 11 - Penalty Minutes : 8
Official
Referees : Conor O'Donnell and Brian Pochmara
Linesman : Steve Barton and Kiel Murchison
Game Notes
Dalton Thrower is injured at 3:26 of 2nd period (Strained Left Elbow)
Darren Dietz is injured at 9:30 of 2nd period (Bruised Right Shoulder)
Finance
Level 1 -- Attendance: 1770 (88.50%) -- Ticket Income $61,950
Level 2 -- Attendance: 843 (84.30%) -- Ticket Income $12,645
Total Attendance: 2613 (87.10%)
Total Ticket Income: $74,595
Other Income: $3,730
Total Income: $78,325
Penguins
5 vs 5 Forward
Center Left Wing Right Wing Time % Phy DF OF
1 Cedric Paquette Andy Andreoff Josh Jooris 40 1 2 2
2 Adam Brooks Kyle Connor Vince Hinostroza 30 1 2 2
3 Tyson Jost Anthony Beauvillier Sam Reinhart 20 1 2 2
4 Denis Malgin Curtis Hamilton Iven Barbashev 10 1 2 2
5 vs 5 Defense
Defense Defense Time % Phy DF OF
1 Scott Mayfield Andrew O'Brien 40 1 2 2
2 Dakota Mermis Danny Biega 30 1 2 2
3 Gavin Bayreuther John Marino 20 1 2 2
4 Matthew Finn Scott Mayfield 10 1 2 2
PowerPlay Forward
Center Left Wing Right Wing Time % Phy DF OF
1 Cedric Paquette Andy Andreoff Josh Jooris 60 1 2 2
2 Adam Brooks Kyle Connor Vince Hinostroza 40 1 2 2
PowerPlay Defense
Defense Defense Time % Phy DF OF
1 Scott Mayfield Andrew O'Brien 60 1 2 2
2 Dakota Mermis Danny Biega 40 1 2 2
Penalty Kill 4 Players Forward
Center Wing Time % Phy DF OF
1 Josh Jooris Andy Andreoff 60 1 2 2
2 Vince Hinostroza Sam Reinhart 40 1 2 2
Penalty Kill 4 Players Defense
Defense Defense Time % Phy DF OF
1 Scott Mayfield Andrew O'Brien 60 1 2 2
2 Dakota Mermis Danny Biega 40 1 2 2
Penalty Kill - 3 Players Forward
Forward Time % Phy DF OF
1 Josh Jooris 60 1 2 2
2 Andy Andreoff 40 1 2 2
Penalty Kill - 3 Players Defense
Defense Defense Time % Phy DF OF
1 Scott Mayfield Andrew O'Brien 60 1 2 2
2 Dakota Mermis Danny Biega 40 1 2 2
4 vs 4 Forward
Center Wing Time % Phy DF OF
1 Josh Jooris Andy Andreoff 60 1 2 2
2 Vince Hinostroza Sam Reinhart 40 1 2 2
4 vs 4 Defense
Defense Defense Time % Phy DF OF
1 Scott Mayfield Andrew O'Brien 60 1 2 2
2 Dakota Mermis Danny Biega 40 1 2 2
Last Minutes Offensive
Center Left Wing Right Wing Defense Defense
Cedric Paquette Andy Andreoff Josh Jooris Scott Mayfield Andrew O'Brien
Last Minutes Defensive
Center Left Wing Right Wing Defense Defense
Cedric Paquette Andy Andreoff Josh Jooris Scott Mayfield Andrew O'Brien
Goaltenders
Starting : Connor Hellebyuk
Backup : Anthony Stolarz
Extra Forwards
Normal : Max Gortz, Sam Kurker, Raphael Bussieres - PP : Max Gortz, Sam Kurker - PK : Raphael Bussieres
Extra Defensemen
Normal : Gavin Bayreuther, John Marino, Matthew Finn - PP : Gavin Bayreuther - PK : John Marino, Matthew Finn
Penalty Shots
Josh Jooris, Andy Andreoff, Vince Hinostroza, Sam Reinhart, Cedric Paquette
Scratches
Andreas Martinsen (Strained Right Elbow Injury), Steven Spinner (Healthy), German Rubtsov (Healthy)
Devils
5 vs 5 Forward
Center Left Wing Right Wing Time % Phy DF OF
1 Sam Bennett Sven Baertschi Logan Shaw 40 0 2 3
2 Alan Quine Valeri Nichushkin Joonas Donskoi 30 0 2 3
3 Reid Boucher Brett Seney Conor Garland 20 0 2 3
4 Brett Howden Mason Marchment Logan Shaw 10 0 2 3
5 vs 5 Defense
Defense Defense Time % Phy DF OF
1 Brandon Carlo Ben Hutton 40 0 3 2
2 Darren Dietz Dalton Thrower 30 0 3 2
3 Ilya Lyubushkin Christian Wolanin 20 0 3 2
4 Robbie Russo Jake Bean 10 0 3 2
PowerPlay Forward
Center Left Wing Right Wing Time % Phy DF OF
1 Sam Bennett Sven Baertschi Logan Shaw 60 0 1 4
2 Alan Quine Valeri Nichushkin Joonas Donskoi 40 0 1 4
PowerPlay Defense
Defense Defense Time % Phy DF OF
1 Brandon Carlo Ben Hutton 60 0 2 3
2 Darren Dietz Christian Wolanin 40 0 2 3
Penalty Kill 4 Players Forward
Center Wing Time % Phy DF OF
1 Sam Bennett Sven Baertschi 60 1 4 0
2 Alan Quine Logan Shaw 40 1 4 0
Penalty Kill 4 Players Defense
Defense Defense Time % Phy DF OF
1 Brandon Carlo Ben Hutton 60 1 4 0
2 Darren Dietz Dalton Thrower 40 1 4 0
Penalty Kill - 3 Players Forward
Forward Time % Phy DF OF
1 Sam Bennett 60 1 3 1
2 Alan Quine 40 1 3 1
Penalty Kill - 3 Players Defense
Defense Defense Time % Phy DF OF
1 Brandon Carlo Ben Hutton 60 1 4 0
2 Darren Dietz Dalton Thrower 40 1 4 0
4 vs 4 Forward
Center Wing Time % Phy DF OF
1 Sam Bennett Sven Baertschi 60 0 2 3
2 Alan Quine Valeri Nichushkin 40 0 2 3
4 vs 4 Defense
Defense Defense Time % Phy DF OF
1 Brandon Carlo Ben Hutton 60 0 3 2
2 Darren Dietz Dalton Thrower 40 0 3 2
Last Minutes Offensive
Center Left Wing Right Wing Defense Defense
Sam Bennett Sven Baertschi Logan Shaw Brandon Carlo Ben Hutton
Last Minutes Defensive
Center Left Wing Right Wing Defense Defense
Sam Bennett Sven Baertschi Logan Shaw Brandon Carlo Ben Hutton
Goaltenders
Starting : Calvin Pickard
Backup : Juuse Saros
Extra Forwards
Normal : Valeri Nichushkin, Alan Quine, Reid Boucher - PP : Valeri Nichushkin, Alan Quine - PK : Valeri Nichushkin
Extra Defensemen
Normal : Robbie Russo, Christian Wolanin, Jake Bean - PP : Robbie Russo - PK : Robbie Russo, Christian Wolanin
Penalty Shots
Logan Shaw, Sven Baertschi, Sam Bennett, Joonas Donskoi, Valeri Nichushkin
Scratches
Cristiano Digiacinto (Healthy), Jonny Brodzinski (Abdomen/Ribs Injury), Vincent Desharnais (Healthy)
% Time on Ice - Penguins
Lines # - Real PCT - Wanted PCT - Time Play
Normal Forward
1 - 35% - 40% - 16:36
2 - 30% - 30% - 14:23
3 - 21% - 20% - 9:43
4 - 14% - 10% - 6:40
Normal Defense
1 - 34% - 40% - 16:12
2 - 35% - 30% - 16:36
3 - 22% - 20% - 10:36
4 - 8% - 10% - 3:58
PP Forward
1 - 58% - 60% - 4:34
2 - 42% - 40% - 3:22
PP Defense
1 - 65% - 60% - 5:08
2 - 35% - 40% - 2:48
PK Forward
1 - 80% - 60% - 2:28
2 - 20% - 40% - 0:38
PK Defense
1 - 73% - 60% - 2:16
2 - 27% - 40% - 0:50
PK3 Forward
1 - 65% - 60% - 1:02
2 - 35% - 40% - 0:34
PK3 Defense
1 - 58% - 60% - 0:56
2 - 42% - 40% - 0:40
44 Forward
1 - 0% - 60%
2 - 0% - 40%
44 Defense
1 - 0% - 60%
2 - 0% - 40%
Last Minute Offensive - 0:00
Last Minute Defensive - 0:00
Total
Forward - 60:00
Defense - 60:00
|
% Time on Ice - Devils
Lines # - Real PCT - Wanted PCT - Time Play
Normal Forward
1 - 35% - 40% - 16:42
2 - 36% - 30% - 17:14
3 - 19% - 20% - 8:47
4 - 10% - 10% - 4:39
Normal Defense
1 - 38% - 40% - 17:59
2 - 38% - 30% - 17:59
3 - 18% - 20% - 8:28
4 - 6% - 10% - 2:56
PP Forward
1 - 63% - 60% - 2:57
2 - 37% - 40% - 1:45
PP Defense
1 - 71% - 60% - 3:19
2 - 29% - 40% - 1:23
PK Forward
1 - 74% - 60% - 5:53
2 - 26% - 40% - 2:03
PK Defense
1 - 42% - 60% - 3:22
2 - 58% - 40% - 4:34
PK3 Forward
1 - 0% - 60%
2 - 0% - 40%
PK3 Defense
1 - 0% - 60%
2 - 0% - 40%
44 Forward
1 - 0% - 60%
2 - 0% - 40%
44 Defense
1 - 0% - 60%
2 - 0% - 40%
Last Minute Offensive - 0:00
Last Minute Defensive - 0:00
Total
Forward - 60:00
Defense - 60:00
|
Play-by-Play
1st period
0:01 of 1st period - Cedric Paquette wins face-off versus Sam Bennett in neutral zone.
0:26 of 1st period - Scott Mayfield is hit by Ben Hutton and loses puck.
1:52 of 1st period - Minor Penalty to Logan Shaw for Hooking.
1:53 of 1st period - Cedric Paquette wins face-off versus Sam Bennett in Devils zone.
2:18 of 1st period - Valeri Nichushkin is hit by Scott Mayfield and loses puck.
3:52 of 1st period - Penalty to Logan Shaw is over, Logan Shaw is back on ice.
4:00 of 1st period - Iven Barbashev is hit by Logan Shaw and loses puck.
4:37 of 1st period - Snap shot by Joonas Donskoi.
4:37 of 1st period - Stopped by Connor Hellebyuk with a rebound.
4:39 of 1st period - Slapshot by Robbie Russo.
4:39 of 1st period - Deflect By Alan Quine.
4:39 of 1st period - Stopped by Connor Hellebyuk without a rebound.
4:40 of 1st period - Alan Quine wins face-off versus Cedric Paquette in Penguins zone.
4:47 of 1st period - Wrist shot by Alan Quine.
4:47 of 1st period - Shot Blocked by Scott Mayfield.
4:49 of 1st period - Slapshot by Jake Bean.
4:49 of 1st period - Stopped by Connor Hellebyuk with a rebound.
4:58 of 1st period - Icing by Scott Mayfield.
4:59 of 1st period - Adam Brooks wins face-off versus Reid Boucher in Penguins zone.
5:24 of 1st period - Slapshot by Josh Jooris.
5:24 of 1st period - Shot Misses the Net.
5:26 of 1st period - Snap shot by Andy Andreoff.
5:26 of 1st period - Shot Misses the Net.
5:28 of 1st period - Snap shot by Andy Andreoff.
5:28 of 1st period - Shot Misses the Net.
5:30 of 1st period - Slapshot by Josh Jooris.
5:30 of 1st period - Shot Misses the Net.
5:44 of 1st period - Dakota Mermis is hit by Sam Bennett.
6:22 of 1st period - Josh Jooris is hit by Logan Shaw and loses puck.
6:38 of 1st period - Icing by Mason Marchment.
6:39 of 1st period - Alan Quine wins face-off versus Tyson Jost in Devils zone.
7:25 of 1st period - Scott Mayfield is hit by Logan Shaw and loses puck.
7:32 of 1st period - Darren Dietz is hit by Kyle Connor and loses puck.
7:47 of 1st period - Ben Hutton is hit by Iven Barbashev and loses puck.
8:10 of 1st period - Snap shot by Sam Bennett.
8:10 of 1st period - Shot Hit the Post.
8:26 of 1st period - Iven Barbashev is hit by Conor Garland and loses puck.
8:54 of 1st period - Snap shot by Alan Quine.
8:54 of 1st period - Goal by Alan Quine - Penguins : 0 - Devils : 1.
8:55 of 1st period - Sam Bennett wins face-off versus Cedric Paquette in neutral zone.
9:02 of 1st period - Wrist shot by Cedric Paquette.
9:02 of 1st period - Shot Misses the Net.
9:20 of 1st period - Ben Hutton is hit by Andrew O'Brien and loses puck.
9:33 of 1st period - Snap shot by Kyle Connor.
9:33 of 1st period - Goal by Kyle Connor - Penguins : 1 - Devils : 1.
9:34 of 1st period - Sam Bennett wins face-off versus Cedric Paquette in neutral zone.
9:37 of 1st period - Scott Mayfield is hit by Darren Dietz and loses puck.
10:00 of 1st period - Alan Quine is hit by Adam Brooks and loses puck.
10:53 of 1st period - Snap shot by Kyle Connor.
10:53 of 1st period - Shot Misses the Net.
10:55 of 1st period - Wrist shot by Vince Hinostroza.
10:55 of 1st period - Stopped by Calvin Pickard with a rebound.
11:09 of 1st period - Wrist shot by Adam Brooks.
11:09 of 1st period - Shot Misses the Net.
11:11 of 1st period - Snap shot by Vince Hinostroza.
11:11 of 1st period - Stopped by Calvin Pickard without a rebound.
11:12 of 1st period - Alan Quine wins face-off versus Cedric Paquette in Devils zone.
11:23 of 1st period - Wrist shot by Josh Jooris.
11:23 of 1st period - Shot Blocked by Valeri Nichushkin.
11:25 of 1st period - Wrist shot by Andy Andreoff.
11:25 of 1st period - Deflect By Joonas Donskoi.
11:25 of 1st period - Goal by Andy Andreoff - Penguins : 2 - Devils : 1.
11:26 of 1st period - Cedric Paquette wins face-off versus Sam Bennett in neutral zone.
11:35 of 1st period - Snap shot by Sam Bennett.
11:35 of 1st period - Shot Misses the Net.
11:37 of 1st period - Snap shot by Sam Bennett.
11:37 of 1st period - Shot Misses the Net.
11:39 of 1st period - Snap shot by Logan Shaw.
11:39 of 1st period - Goal by Logan Shaw - Penguins : 2 - Devils : 2.
11:40 of 1st period - Cedric Paquette wins face-off versus Sam Bennett in neutral zone.
12:12 of 1st period - Snap shot by Kyle Connor.
12:12 of 1st period - Shot Misses the Net.
12:14 of 1st period - Slapshot by Scott Mayfield.
12:14 of 1st period - Stopped by Calvin Pickard without a rebound.
12:15 of 1st period - Cedric Paquette wins face-off versus Logan Shaw in Devils zone.
12:22 of 1st period - Snap shot by Josh Jooris.
12:22 of 1st period - Stopped by Calvin Pickard with a rebound.
12:24 of 1st period - Wrist shot by Andy Andreoff.
12:24 of 1st period - Stopped by Calvin Pickard without a rebound.
12:25 of 1st period - Cedric Paquette wins face-off versus Sam Bennett in Devils zone.
12:26 of 1st period - Wrist shot by Josh Jooris.
12:26 of 1st period - Shot Blocked by Brandon Carlo.
12:28 of 1st period - Wrist shot by Josh Jooris.
12:28 of 1st period - Stopped by Calvin Pickard with a rebound.
12:30 of 1st period - Snap shot by Andy Andreoff.
12:30 of 1st period - Stopped by Calvin Pickard without a rebound.
12:31 of 1st period - Sam Bennett wins face-off versus Cedric Paquette in Devils zone.
12:56 of 1st period - Alan Quine is hit by Scott Mayfield and loses puck.
13:19 of 1st period - Wrist shot by Reid Boucher.
13:19 of 1st period - Shot Misses the Net.
13:45 of 1st period - Snap shot by Josh Jooris.
13:45 of 1st period - Stopped by Calvin Pickard with a rebound.
13:59 of 1st period - Denis Malgin is hit by Valeri Nichushkin and loses puck.
14:43 of 1st period - Off-side.
14:44 of 1st period - Alan Quine wins face-off versus Cedric Paquette in neutral zone.
15:16 of 1st period - Wrist shot by Kyle Connor.
15:16 of 1st period - Stopped by Calvin Pickard without a rebound.
15:17 of 1st period - Adam Brooks wins face-off versus Sam Bennett in Devils zone.
15:18 of 1st period - Wrist shot by Vince Hinostroza.
15:18 of 1st period - Stopped by Calvin Pickard with a rebound.
15:39 of 1st period - Slapshot by Logan Shaw.
15:39 of 1st period - Shot Misses the Net.
15:41 of 1st period - Snap shot by Jake Bean.
15:41 of 1st period - Shot Misses the Net.
15:43 of 1st period - Slapshot by Jake Bean.
15:43 of 1st period - Shot Misses the Net.
15:47 of 1st period - Slapshot by Logan Shaw.
15:47 of 1st period - Shot Misses the Net.
15:54 of 1st period - Wrist shot by Logan Shaw.
15:54 of 1st period - Shot Misses the Net.
15:58 of 1st period - Slapshot by Sven Baertschi.
15:58 of 1st period - Shot Blocked by Andrew O'Brien.
16:00 of 1st period - Slapshot by Sven Baertschi.
16:00 of 1st period - Stopped by Connor Hellebyuk with a rebound.
16:02 of 1st period - Slapshot by Dalton Thrower.
16:02 of 1st period - Shot Misses the Net.
16:04 of 1st period - Wrist shot by Sven Baertschi.
16:04 of 1st period - Shot Misses the Net.
16:06 of 1st period - Wrist shot by Sam Bennett.
16:06 of 1st period - Stopped by Connor Hellebyuk with a rebound.
16:08 of 1st period - Snap shot by Sam Bennett.
16:08 of 1st period - Stopped by Connor Hellebyuk with a rebound.
16:10 of 1st period - Snap shot by Darren Dietz.
16:10 of 1st period - Shot Blocked by Scott Mayfield.
16:12 of 1st period - Snap shot by Logan Shaw.
16:12 of 1st period - Shot Blocked by Andrew O'Brien.
16:14 of 1st period - Slapshot by Dalton Thrower.
16:14 of 1st period - Shot Misses the Net.
16:16 of 1st period - Snap shot by Darren Dietz.
16:16 of 1st period - Stopped by Connor Hellebyuk without a rebound.
16:17 of 1st period - Alan Quine wins face-off versus Tyson Jost in Penguins zone.
16:22 of 1st period - Snap shot by Valeri Nichushkin.
16:22 of 1st period - Deflect By Joonas Donskoi.
16:22 of 1st period - Stopped by Connor Hellebyuk without a rebound.
16:23 of 1st period - Alan Quine wins face-off versus Tyson Jost in Penguins zone.
16:26 of 1st period - Snap shot by Alan Quine.
16:26 of 1st period - Deflect By Danny Biega.
16:26 of 1st period - Shot Misses the Net.
16:26 of 1st period - Puck is out of play.
16:27 of 1st period - Tyson Jost wins face-off versus Alan Quine in Penguins zone.
16:50 of 1st period - Snap shot by Sam Reinhart.
16:50 of 1st period - Stopped by Calvin Pickard with a rebound.
16:52 of 1st period - Snap shot by Sam Reinhart.
16:52 of 1st period - Stopped by Calvin Pickard with a rebound.
16:54 of 1st period - Slapshot by Dakota Mermis.
16:54 of 1st period - Shot Blocked by Valeri Nichushkin.
16:56 of 1st period - Snap shot by Sam Reinhart.
16:56 of 1st period - Shot Blocked by Joonas Donskoi.
17:14 of 1st period - Snap shot by Alan Quine.
17:14 of 1st period - Goal by Alan Quine - Penguins : 2 - Devils : 3.
17:15 of 1st period - Sam Bennett wins face-off versus Cedric Paquette in neutral zone.
17:20 of 1st period - Wrist shot by Logan Shaw.
17:20 of 1st period - Shot Blocked by Andrew O'Brien.
17:22 of 1st period - Snap shot by Sam Bennett.
17:22 of 1st period - Shot Misses the Net.
17:24 of 1st period - Snap shot by Sven Baertschi.
17:24 of 1st period - Shot Misses the Net.
17:42 of 1st period - Reid Boucher is hit by Scott Mayfield and loses puck.
19:14 of 1st period - Wrist shot by Alan Quine.
19:14 of 1st period - Shot Misses the Net.
19:16 of 1st period - Snap shot by Valeri Nichushkin.
19:16 of 1st period - Stopped by Connor Hellebyuk without a rebound.
19:17 of 1st period - Reid Boucher wins face-off versus Cedric Paquette in Penguins zone.
Goals for this period are 2 for Penguins vs 3 for Devils.
Shots for this period are 14 for Penguins vs 12 for Devils.
2nd period
0:01 of 2nd period - Sam Bennett wins face-off versus Cedric Paquette in neutral zone.
0:26 of 2nd period - Ben Hutton is hit by Vince Hinostroza and loses puck.
0:45 of 2nd period - Slapshot by Sam Reinhart.
0:45 of 2nd period - Shot Blocked by Reid Boucher.
0:55 of 2nd period - Reid Boucher is hit by Sam Reinhart and loses puck.
1:21 of 2nd period - Iven Barbashev is hit by Sam Bennett and loses puck.
1:55 of 2nd period - Snap shot by Logan Shaw.
1:55 of 2nd period - Shot Misses the Net.
2:25 of 2nd period - Andrew O'Brien is hit by Ben Hutton and loses puck.
2:35 of 2nd period - Minor Penalty to Joonas Donskoi for Tripping.
2:36 of 2nd period - Cedric Paquette wins face-off versus Sam Bennett in Devils zone.
3:25 of 2nd period - Dalton Thrower is hit by Cedric Paquette and loses puck.
3:26 of 2nd period - Dalton Thrower from Devils is injured at 3:26 of 2nd period (Strained Left Elbow).
3:27 of 2nd period - Sam Bennett wins face-off versus Cedric Paquette in Devils zone.
3:52 of 2nd period - Ben Hutton is hit by Adam Brooks and loses puck.
4:35 of 2nd period - Penalty to Joonas Donskoi is over, Joonas Donskoi is back on ice.
5:23 of 2nd period - Snap shot by Conor Garland.
5:23 of 2nd period - Stopped by Connor Hellebyuk without a rebound.
5:24 of 2nd period - Reid Boucher wins face-off versus Kyle Connor in Penguins zone.
5:35 of 2nd period - Icing by Adam Brooks.
5:36 of 2nd period - Adam Brooks wins face-off versus Sven Baertschi in Penguins zone.
5:56 of 2nd period - Icing by Sven Baertschi.
5:57 of 2nd period - Sam Bennett wins face-off versus Cedric Paquette in Devils zone.
5:57 of 2nd period - Logan Shaw is hit by John Marino and loses puck.
6:04 of 2nd period - Snap shot by Logan Shaw.
6:04 of 2nd period - Shot Blocked by Cedric Paquette.
6:06 of 2nd period - Snap shot by Sam Bennett.
6:06 of 2nd period - Shot Blocked by Gavin Bayreuther.
6:11 of 2nd period - Minor Penalty to John Marino for Hooking.
6:12 of 2nd period - Josh Jooris wins face-off versus Sam Bennett in Penguins zone.
6:34 of 2nd period - Minor Penalty to Andy Andreoff for Hooking.
6:35 of 2nd period - Sam Bennett wins face-off versus Josh Jooris in Penguins zone.
8:11 of 2nd period - Penalty to John Marino is over, John Marino is back on ice.
8:16 of 2nd period - Scott Mayfield is hit by Joonas Donskoi and loses puck.
8:34 of 2nd period - Penalty to Andy Andreoff is over, Andy Andreoff is back on ice.
8:39 of 2nd period - Kyle Connor is hit by Reid Boucher and loses puck.
8:50 of 2nd period - Danny Biega is hit by Conor Garland and loses puck.
9:26 of 2nd period - Snap shot by Kyle Connor.
9:26 of 2nd period - Shot Misses the Net.
9:28 of 2nd period - Slapshot by Kyle Connor.
9:28 of 2nd period - Stopped by Calvin Pickard with a rebound.
9:30 of 2nd period - Slapshot by Danny Biega.
9:30 of 2nd period - Shot Blocked by Darren Dietz.
9:30 of 2nd period - Darren Dietz from Devils is injured at 9:30 of 2nd period (Bruised Right Shoulder).
9:31 of 2nd period - Sven Baertschi wins face-off versus Cedric Paquette in Devils zone.
9:56 of 2nd period - Alan Quine is hit by Scott Mayfield and loses puck.
10:23 of 2nd period - Snap shot by Curtis Hamilton.
10:23 of 2nd period - Stopped by Calvin Pickard without a rebound.
10:24 of 2nd period - Denis Malgin wins face-off versus Sam Bennett in Devils zone.
10:30 of 2nd period - Minor Penalty to Sam Bennett for Hooking.
10:31 of 2nd period - Cedric Paquette wins face-off versus Valeri Nichushkin in Devils zone.
12:19 of 2nd period - Brett Seney is hit by Iven Barbashev and loses puck.
12:30 of 2nd period - Penalty to Sam Bennett is over, Sam Bennett is back on ice.
13:15 of 2nd period - Wrist shot by Sam Bennett.
13:15 of 2nd period - Stopped by Connor Hellebyuk with a rebound.
13:18 of 2nd period - Icing by Andy Andreoff.
13:19 of 2nd period - Sam Bennett wins face-off versus Cedric Paquette in Penguins zone.
13:22 of 2nd period - Snap shot by Logan Shaw.
13:22 of 2nd period - Deflect By Sven Baertschi.
13:22 of 2nd period - Stopped by Connor Hellebyuk with a rebound.
13:24 of 2nd period - Wrist shot by Sam Bennett.
13:24 of 2nd period - Stopped by Connor Hellebyuk without a rebound.
13:25 of 2nd period - Sam Bennett wins face-off versus Cedric Paquette in Penguins zone.
13:38 of 2nd period - Slapshot by Gavin Bayreuther.
13:38 of 2nd period - Stopped by Calvin Pickard with a rebound.
13:40 of 2nd period - Snap shot by Cedric Paquette.
13:40 of 2nd period - Shot Blocked by Logan Shaw.
13:50 of 2nd period - Valeri Nichushkin is hit by John Marino and loses puck.
13:58 of 2nd period - Icing by Joonas Donskoi.
13:59 of 2nd period - Alan Quine wins face-off versus Cedric Paquette in Devils zone.
14:12 of 2nd period - Wrist shot by Alan Quine.
14:12 of 2nd period - Shot Blocked by Andrew O'Brien.
14:56 of 2nd period - Icing by Brett Seney.
14:57 of 2nd period - Reid Boucher wins face-off versus Cedric Paquette in Devils zone.
15:14 of 2nd period - Brett Seney is hit by Andy Andreoff and loses puck.
15:39 of 2nd period - Slapshot by Brett Seney.
15:39 of 2nd period - Shot Misses the Net.
15:59 of 2nd period - Snap shot by Logan Shaw.
15:59 of 2nd period - Shot Misses the Net.
16:01 of 2nd period - Slapshot by Ben Hutton.
16:01 of 2nd period - Shot Misses the Net.
16:11 of 2nd period - Joonas Donskoi is hit by Iven Barbashev and loses puck.
17:07 of 2nd period - Slapshot by Scott Mayfield.
17:07 of 2nd period - Shot Blocked by Jake Bean.
17:09 of 2nd period - Slapshot by Anthony Beauvillier.
17:09 of 2nd period - Goal by Anthony Beauvillier - Penguins : 3 - Devils : 3.
17:10 of 2nd period - Cedric Paquette wins face-off versus Logan Shaw in neutral zone.
17:17 of 2nd period - Icing by Sven Baertschi.
17:18 of 2nd period - Cedric Paquette wins face-off versus Sam Bennett in Devils zone.
17:21 of 2nd period - Snap shot by Andy Andreoff.
17:21 of 2nd period - Stopped by Calvin Pickard without a rebound.
17:22 of 2nd period - Sam Bennett wins face-off versus Andy Andreoff in Devils zone.
17:27 of 2nd period - Cedric Paquette is hit by Logan Shaw and loses puck.
17:38 of 2nd period - Snap shot by Cedric Paquette.
17:38 of 2nd period - Shot Misses the Net.
17:49 of 2nd period - Minor Penalty to Adam Brooks for Interference.
17:50 of 2nd period - Josh Jooris wins face-off versus Sam Bennett in Penguins zone.
18:01 of 2nd period - Snap shot by Andy Andreoff.
18:01 of 2nd period - Stopped by Calvin Pickard without a rebound.
18:02 of 2nd period - Sam Bennett wins face-off versus Josh Jooris in Devils zone.
18:06 of 2nd period - Off-side.
18:07 of 2nd period - Sam Bennett wins face-off versus Josh Jooris in neutral zone.
18:10 of 2nd period - Snap shot by Brandon Carlo.
18:10 of 2nd period - Deflect By Logan Shaw.
18:10 of 2nd period - Goal by Logan Shaw - Penguins : 3 - Devils : 4.
18:11 of 2nd period - Sam Bennett wins face-off versus Cedric Paquette in neutral zone.
18:25 of 2nd period - Slapshot by Andy Andreoff.
18:25 of 2nd period - Shot Misses the Net.
18:45 of 2nd period - Snap shot by Adam Brooks.
18:45 of 2nd period - Stopped by Calvin Pickard without a rebound.
18:46 of 2nd period - Sam Reinhart wins face-off versus Sam Bennett in Devils zone.
18:49 of 2nd period - Wrist shot by Sam Reinhart.
18:49 of 2nd period - Deflect By Anthony Beauvillier.
18:49 of 2nd period - Stopped by Calvin Pickard with a rebound.
18:51 of 2nd period - Slapshot by Anthony Beauvillier.
18:51 of 2nd period - Stopped by Calvin Pickard without a rebound.
18:52 of 2nd period - Sam Bennett wins face-off versus Tyson Jost in Devils zone.
19:14 of 2nd period - Icing by Ilya Lyubushkin.
19:15 of 2nd period - Alan Quine wins face-off versus Cedric Paquette in Devils zone.
Goals for this period are 1 for Penguins vs 1 for Devils.
Shots for this period are 9 for Penguins vs 5 for Devils.
3rd period
0:01 of 3rd period - Cedric Paquette wins face-off versus Sam Bennett in neutral zone.
0:30 of 3rd period - Off-side.
0:31 of 3rd period - Alan Quine wins face-off versus Adam Brooks in neutral zone.
1:11 of 3rd period - Valeri Nichushkin is hit by Sam Reinhart and loses puck.
1:29 of 3rd period - Slapshot by Josh Jooris.
1:29 of 3rd period - Stopped by Calvin Pickard without a rebound.
1:30 of 3rd period - Cedric Paquette wins face-off versus Sam Bennett in Devils zone.
1:44 of 3rd period - Minor Penalty to Robbie Russo for Hooking.
1:45 of 3rd period - Sam Bennett wins face-off versus Cedric Paquette in Devils zone.
2:15 of 3rd period - Slapshot by Scott Mayfield.
2:15 of 3rd period - Shot Blocked by Ben Hutton.
2:35 of 3rd period - Ilya Lyubushkin is hit by Cedric Paquette and loses puck.
3:44 of 3rd period - Penalty to Robbie Russo is over, Robbie Russo is back on ice.
4:32 of 3rd period - Snap shot by Alan Quine.
4:32 of 3rd period - Stopped by Connor Hellebyuk with a rebound.
4:42 of 3rd period - Logan Shaw is hit by Sam Reinhart and loses puck.
5:23 of 3rd period - Slapshot by Ilya Lyubushkin.
5:23 of 3rd period - Stopped by Connor Hellebyuk without a rebound.
5:24 of 3rd period - Alan Quine wins face-off versus Denis Malgin in Penguins zone.
5:31 of 3rd period - Snap shot by Joonas Donskoi.
5:31 of 3rd period - Stopped by Connor Hellebyuk without a rebound.
5:32 of 3rd period - Cedric Paquette wins face-off versus Reid Boucher in Penguins zone.
6:04 of 3rd period - Off-side.
6:05 of 3rd period - Adam Brooks wins face-off versus Sam Bennett in neutral zone.
6:17 of 3rd period - Off-side.
6:18 of 3rd period - Cedric Paquette wins face-off versus Sam Bennett in neutral zone.
6:23 of 3rd period - Wrist shot by Andy Andreoff.
6:23 of 3rd period - Shot Misses the Net.
6:25 of 3rd period - Slapshot by Andrew O'Brien.
6:25 of 3rd period - Shot Blocked by Logan Shaw.
6:43 of 3rd period - Sam Bennett is hit by Scott Mayfield and loses puck.
7:07 of 3rd period - Slapshot by Valeri Nichushkin.
7:07 of 3rd period - Deflect By Alan Quine.
7:07 of 3rd period - Stopped by Connor Hellebyuk without a rebound.
7:08 of 3rd period - Adam Brooks wins face-off versus Alan Quine in Penguins zone.
7:08 of 3rd period - Adam Brooks is hit by Christian Wolanin.
7:20 of 3rd period - Snap shot by Kyle Connor.
7:20 of 3rd period - Stopped by Calvin Pickard with a rebound.
7:22 of 3rd period - Slapshot by Vince Hinostroza.
7:22 of 3rd period - Shot Misses the Net.
7:24 of 3rd period - Snap shot by Vince Hinostroza.
7:24 of 3rd period - Stopped by Calvin Pickard with a rebound.
7:34 of 3rd period - Slapshot by Dakota Mermis.
7:34 of 3rd period - Stopped by Calvin Pickard with a rebound.
7:38 of 3rd period - Slapshot by Vince Hinostroza.
7:38 of 3rd period - Shot Misses the Net.
7:50 of 3rd period - Snap shot by Kyle Connor.
7:50 of 3rd period - Stopped by Calvin Pickard with a rebound.
7:52 of 3rd period - Snap shot by Kyle Connor.
7:52 of 3rd period - Stopped by Calvin Pickard with a rebound.
7:54 of 3rd period - Slapshot by Adam Brooks.
7:54 of 3rd period - Stopped by Calvin Pickard with a rebound.
7:56 of 3rd period - Snap shot by Adam Brooks.
7:56 of 3rd period - Stopped by Calvin Pickard with a rebound.
7:58 of 3rd period - Slapshot by Dakota Mermis.
7:58 of 3rd period - Deflect By Adam Brooks.
7:58 of 3rd period - Goal by Adam Brooks - Penguins : 4 - Devils : 4.
7:59 of 3rd period - Sam Bennett wins face-off versus Cedric Paquette in neutral zone.
8:01 of 3rd period - Off-side.
8:02 of 3rd period - Cedric Paquette wins face-off versus Sam Bennett in neutral zone.
8:10 of 3rd period - Backhand shot by Josh Jooris.
8:10 of 3rd period - Stopped by Calvin Pickard with a rebound.
8:12 of 3rd period - Slapshot by Andy Andreoff.
8:12 of 3rd period - Stopped by Calvin Pickard without a rebound.
8:13 of 3rd period - Cedric Paquette wins face-off versus Logan Shaw in Devils zone.
8:43 of 3rd period - Slapshot by Brett Seney.
8:43 of 3rd period - Stopped by Connor Hellebyuk without a rebound.
8:44 of 3rd period - Cedric Paquette wins face-off versus Alan Quine in Penguins zone.
9:13 of 3rd period - Snap shot by Conor Garland.
9:13 of 3rd period - Shot Blocked by John Marino.
9:21 of 3rd period - Slapshot by Conor Garland.
9:21 of 3rd period - Goal by Conor Garland - Penguins : 4 - Devils : 5.
9:22 of 3rd period - Adam Brooks wins face-off versus Sam Bennett in neutral zone.
9:25 of 3rd period - Ben Hutton is hit by Kyle Connor and loses puck.
9:34 of 3rd period - Slapshot by Adam Brooks.
9:34 of 3rd period - Shot Misses the Net.
9:52 of 3rd period - Snap shot by Valeri Nichushkin.
9:52 of 3rd period - Stopped by Connor Hellebyuk with a rebound.
9:56 of 3rd period - Wrist shot by Joonas Donskoi.
9:56 of 3rd period - Shot Misses the Net.
10:36 of 3rd period - Snap shot by Logan Shaw.
10:36 of 3rd period - Stopped by Connor Hellebyuk with a rebound.
10:38 of 3rd period - Wrist shot by Brandon Carlo.
10:38 of 3rd period - Stopped by Connor Hellebyuk with a rebound.
10:40 of 3rd period - Snap shot by Ben Hutton.
10:40 of 3rd period - Deflect By Mason Marchment.
10:40 of 3rd period - Shot Blocked by Dakota Mermis.
10:40 of 3rd period - Puck is out of play.
10:41 of 3rd period - Alan Quine wins face-off versus Cedric Paquette in Penguins zone.
11:08 of 3rd period - Icing by Gavin Bayreuther.
11:09 of 3rd period - Sven Baertschi wins face-off versus Adam Brooks in Penguins zone.
11:18 of 3rd period - Snap shot by Sam Bennett.
11:18 of 3rd period - Goal by Sam Bennett - Penguins : 4 - Devils : 6.
11:19 of 3rd period - Cedric Paquette wins face-off versus Sam Bennett in neutral zone.
11:56 of 3rd period - Off-side.
11:57 of 3rd period - Alan Quine wins face-off versus Cedric Paquette in neutral zone.
12:42 of 3rd period - Minor Penalty to Adam Brooks for Hooking.
12:43 of 3rd period - Sam Bennett wins face-off versus Josh Jooris in Penguins zone.
12:54 of 3rd period - Wrist shot by Sam Bennett.
12:54 of 3rd period - Shot Misses the Net.
12:56 of 3rd period - Wrist shot by Sam Bennett.
12:56 of 3rd period - Deflect By Logan Shaw.
12:56 of 3rd period - Shot Misses the Net.
12:56 of 3rd period - Puck is out of play.
12:57 of 3rd period - Sam Bennett wins face-off versus Josh Jooris in Penguins zone.
13:02 of 3rd period - Snap shot by Logan Shaw.
13:02 of 3rd period - Shot Misses the Net.
13:04 of 3rd period - Wrist shot by Sven Baertschi.
13:04 of 3rd period - Shot Misses the Net.
13:12 of 3rd period - Snap shot by Logan Shaw.
13:12 of 3rd period - Stopped by Connor Hellebyuk with a rebound.
13:22 of 3rd period - Joonas Donskoi is hit by Scott Mayfield and loses puck.
14:42 of 3rd period - Penalty to Adam Brooks is over, Adam Brooks is back on ice.
16:01 of 3rd period - Christian Wolanin is hit by Scott Mayfield and loses puck.
16:44 of 3rd period - Slapshot by John Marino.
16:44 of 3rd period - Shot Blocked by Robbie Russo.
16:46 of 3rd period - Snap shot by Josh Jooris.
16:46 of 3rd period - Shot Misses the Net.
17:04 of 3rd period - Conor Garland is hit by Sam Reinhart.
17:33 of 3rd period - Joonas Donskoi is hit by Andy Andreoff and loses puck.
17:59 of 3rd period - Off-side.
18:00 of 3rd period - Alan Quine wins face-off versus Tyson Jost in neutral zone.
18:54 of 3rd period - Snap shot by Andy Andreoff.
18:54 of 3rd period - Stopped by Calvin Pickard with a rebound.
19:47 of 3rd period - Slapshot by Iven Barbashev.
19:47 of 3rd period - Stopped by Calvin Pickard with a rebound.
Goals for this period are 1 for Penguins vs 2 for Devils.
Shots for this period are 13 for Penguins vs 11 for Devils.